[Event "17th Memorial Lezcano Montalvo 2025"]
[Site "Gran Canaria"]
[Date "2025.04.14"]
[Round "3.22"]
[White "Krilovs, Nikolajs"]
[Black "De La Cruz Perez, Carlos"]
[Result "1-0"]
[Annotator "NA RC"]
[ECO "E06"]
[WhiteElo "2112"]
[BlackElo "1835"]
[PlyCount "47"]
[EventDate "2025.04.13"]
[EventType "swiss"]
[EventCountry "ESP"]
[SourceTitle "playchess.com"]
[Source "ChessBase"]
[SourceQuality "1"]
[TimeControl "5400+30"]

1. Nf3 Nf6 2. d4 d5 3. c4 e6 4. g3 Be7 5. Bg2 O-O 6. Qc2 a6 7. cxd5 exd5 8. O-O c6 9. Ne5 Re8 10. Nc3 Bd6 11. f4 g6 12. h3 Qb6 13. Be3 Bf5 14. Qc1 Qd8 15. g4 Be4 16. Bxe4 Nxe4 17. Nxe4 dxe4 18. g5 Qc8 19. Ng4 Rf8 20. d5 f6 21. Qc3 Nd7 22. dxc6 Qxc6 23. Qxc6 bxc6 24. Rad1 1-0

[Event "17th Memorial Lezcano Montalvo 2025"]
[Site "Gran Canaria"]
[Date "2025.04.14"]
[Round "3.23"]
[White "Maerevoet, Sim"]
[Black "Almeida Cubas, Mirella"]
[Result "1-0"]
[Annotator "RC"]
[ECO "A43"]
[WhiteElo "2451"]
[BlackElo "1824"]
[PlyCount "59"]
[EventDate "2025.04.13"]
[EventType "swiss"]
[EventCountry "ESP"]
[SourceTitle "playchess.com"]
[Source "ChessBase"]
[SourceQuality "1"]
[TimeControl "5400+30"]

1. d4 c5 2. d5 g6 3. e4 d6 4. Nc3 Bg7 5. Nf3 Nf6 6. Be2 O-O 7. O-O Bg4 8. a4 Bxf3 9. Bxf3 Na6 10. Bf4 Nd7 11. Qd2 Nc7 12. Be2 b6 13. h4 a6 14. h5 Rb8 15. h6 Bh8 16. Rfb1 b5 17. axb5 axb5 18. b4 c4 19. Ra5 Ne5 20. Be3 Qd7 21. Bd4 Ra8 22. Rba1 Rxa5 23. Rxa5 Ra8 24. Rxa8+ Nxa8 25. f4 Ng4 26. Bxg4 Qxg4 27. Bxh8 Kxh8 28. Qd4+ f6 29. Qa7 Qc8 30. Qxe7 1-0

[Event "17th Memorial Lezcano Montalvo 2025"]
[Site "Gran Canaria"]
[Date "2025.04.14"]
[Round "3.24"]
[White "Sanchez Montesdeoca, Isaac"]
[Black "Gomez Ledo, Roberto Carlos"]
[Result "0-1"]
[Annotator "RC"]
[ECO "A47"]
[WhiteElo "1807"]
[BlackElo "2396"]
[PlyCount "76"]
[EventDate "2025.04.13"]
[EventType "swiss"]
[EventCountry "ESP"]
[SourceTitle "playchess.com"]
[Source "ChessBase"]
[SourceQuality "1"]
[TimeControl "5400+30"]

1. Nf3 Nf6 2. d4 e6 3. e3 b6 4. a3 Bb7 5. b3 Be7 6. Bb2 O-O 7. Bd3 Ne4 8. Nbd2 f5 9. O-O d6 10. Bc4 Rf6 11. Nxe4 fxe4 12. Ng5 d5 13. Be2 Rh6 14. Nh3 Bd6 15. f4 exf3 16. Rxf3 Nd7 17. Bc3 Nf6 18. Be1 Ne4 19. Nf4 e5 20. Nh3 Bc8 21. c4 Bxh3 22. gxh3 Ng5 23. dxe5 Bxe5 24. Rf5 Rg6 25. Bg3 Bxa1 26. Qxa1 dxc4 27. Bxc4+ Kh8 28. Bd5 c6 29. Bg2 Qd7 30. Qf1 h6 31. Rf8+ Rxf8 32. Qxf8+ Kh7 33. Qf1 Rf6 34. Qb1+ Kh8 35. h4 Nh3+ 36. Kh1 Nf2+ 37. Kg1 Qd2 38. Bf4 Nd3 0-1

[Event "17th Memorial Lezcano Montalvo 2025"]
[Site "Gran Canaria"]
[Date "2025.04.14"]
[Round "3.25"]
[White "Garcia Padron, Jose"]
[Black "Juan Miguel, Javier"]
[Result "1-0"]
[Annotator "RC"]
[ECO "D24"]
[WhiteElo "2355"]
[BlackElo "1803"]
[PlyCount "65"]
[EventDate "2025.04.13"]
[EventType "swiss"]
[EventCountry "ESP"]
[SourceTitle "playchess.com"]
[Source "ChessBase"]
[SourceQuality "1"]
[TimeControl "5400+30"]

1. d4 d5 2. c4 dxc4 3. Nf3 Nf6 4. Nc3 e6 5. e4 a6 6. Bxc4 b5 7. Bd3 c5 8. dxc5 Bxc5 9. O-O Bb7 10. e5 Nd5 11. Ne4 Be7 12. Bg5 O-O 13. Rc1 h6 14. Bxe7 Qxe7 15. Bb1 Rd8 16. Qd3 g6 17. Qd2 Kg7 18. Nd6 Nc6 19. Qe2 Kh7 20. Ne4 Rab8 21. h4 Kg7 22. g3 Na7 23. h5 g5 24. Rfd1 Rbc8 25. Rxc8 Rxc8 26. Nd6 Rh8 27. Nd4 Qd7 28. Be4 Nc6 29. N4f5+ exf5 30. Nxf5+ Kf8 31. Rxd5 Qc7 32. Qc2 Qb6 33. Rd6 1-0

[Event "17th Memorial Lezcano Montalvo 2025"]
[Site "Gran Canaria"]
[Date "2025.04.14"]
[Round "3.26"]
[White "Oramas Medina, Miguel"]
[Black "Barlov, Dragan"]
[Result "1-0"]
[Annotator "RC"]
[ECO "B46"]
[WhiteElo "1796"]
[BlackElo "2351"]
[PlyCount "90"]
[EventDate "2025.04.13"]
[EventType "swiss"]
[EventCountry "ESP"]
[SourceTitle "playchess.com"]
[Source "ChessBase"]
[SourceQuality "1"]
[TimeControl "5400+30"]

1. e4 c5 2. Nf3 a6 3. Nc3 e6 4. d4 cxd4 5. Nxd4 Qc7 6. Bd3 Nf6 7. Qe2 d6 8. f4 Nc6 9. Nxc6 bxc6 10. O-O e5 11. f5 Be7 12. Kh1 h6 13. Be3 d5 14. Bf2 Bb7 15. Rae1 O-O 16. exd5 cxd5 17. Bg3 Bd6 18. Bxe5 Rfe8 19. Bxd6 Qxd6 20. Qd2 Ng4 21. Rxe8+ Rxe8 22. Qf4 Qxf4 23. Rxf4 Re1+ 24. Rf1 Rxf1+ 25. Bxf1 Ne3 26. Bd3 d4 27. Ne2 Nxg2 28. Kg1 Ne1 29. Nxd4 Nxd3 30. cxd3 Kf8 31. Kf2 Ke7 32. Ke3 Kd6 33. f6 g6 34. Kf4 Bd5 35. a3 Bg2 36. b4 Bb7 37. Nb3 Kd5 38. Nc5 Bc8 39. h4 Kd4 40. Na4 Kxd3 41. Ke5 Ke3 42. Kd5 Kd3 43. Ke5 Ke3 44. Kd6 g5 45. hxg5 hxg5 1-0

[Event "17th Memorial Lezcano Montalvo 2025"]
[Site "Gran Canaria"]
[Date "2025.04.14"]
[Round "3.27"]
[White "Garcia Padron, Juan"]
[Black "Reinoso Andre, Lazaro Javier"]
[Result "1-0"]
[Annotator "RC"]
[ECO "B30"]
[WhiteElo "2155"]
[BlackElo "1796"]
[PlyCount "56"]
[EventDate "2025.04.13"]
[EventType "swiss"]
[EventCountry "ESP"]
[SourceTitle "playchess.com"]
[Source "ChessBase"]
[SourceQuality "1"]
[TimeControl "5400+30"]

1. e4 c5 2. Nf3 Nc6 3. Bb5 e6 4. Bxc6 bxc6 5. O-O g6 6. d4 Bg7 7. dxc5 Rb8 8. Nc3 Qe7 9. e5 Qxc5 10. Ne4 Qd5 11. Nd6+ Kf8 12. Qe2 Ne7 13. c4 Ba6 14. b3 Nf5 15. Ba3 Kg8 16. Qe1 Qd3 17. Qa5 Nd4 18. Ng5 h6 19. Rad1 Qc3 20. Qc7 Rf8 21. Ngxf7 Nf3+ 22. gxf3 Qxf3 23. Rd4 h5 24. Ng5 Qc3 25. Qxd7 Bxe5 26. Qxe6+ Kg7 27. Qxe5+ Kg8 28. Nde4 Qe3 1-0

[Event "17th Memorial Lezcano Montalvo 2025"]
[Site "Gran Canaria"]
[Date "2025.04.14"]
[Round "3.28"]
[White "Basualdo De Ornelas, Jorge"]
[Black "Bethencourt Hernandez, Alberto"]
[Result "0-1"]
[Annotator "NA RC"]
[ECO "B45"]
[WhiteElo "1794"]
[BlackElo "2122"]
[PlyCount "57"]
[EventDate "2025.04.13"]
[EventType "swiss"]
[EventCountry "ESP"]
[SourceTitle "playchess.com"]
[Source "ChessBase"]
[SourceQuality "1"]
[TimeControl "5400+30"]

1. e4 c5 2. Nf3 e6 3. d4 cxd4 4. Nxd4 Nf6 5. Nc3 Nc6 6. g3 Bb4 7. Bg2 d5 8. O-O Bxc3 9. Nxc6 bxc6 10. bxc3 Ba6 11. Re1 Nxe4 12. Bxe4 dxe4 13. Qg4 O-O 14. Qxe4 Qa5 15. Bf4 Qxc3 16. Rad1 Rfd8 17. Rxd8+ Rxd8 18. Be5 Qc4 19. Qe3 f6 20. Bc7 Rd7 21. Qxa7 Qc3 22. Qb8+ Kf7 23. Rb1 Qxc2 24. Kg2 Bd3 25. Re1 Be4+ 26. Kg1 Qe2 27. Qb4 Rd1 28. Ba5 Qf3 29. Qb7+ 0-1

[Event "17th Memorial Lezcano Montalvo 2025"]
[Site "Gran Canaria"]
[Date "2025.04.14"]
[Round "3.29"]
[White "Velasquez Vargas, Sebastian"]
[Black "Ramirez Maillo, Cristian"]
[Result "0-1"]
[Annotator "NA RC"]
[ECO "E61"]
[WhiteElo "1777"]
[BlackElo "2106"]
[PlyCount "120"]
[EventDate "2025.04.13"]
[EventType "swiss"]
[EventCountry "ESP"]
[SourceTitle "playchess.com"]
[Source "ChessBase"]
[SourceQuality "1"]
[TimeControl "5400+30"]

1. d4 Nf6 2. c4 g6 3. Nc3 Bg7 4. Bf4 O-O 5. Nf3 d6 6. e3 c5 7. Be2 Nc6 8. O-O cxd4 9. exd4 Bf5 10. d5 Nb8 11. Bd3 Bd7 12. Qd2 Re8 13. Rfe1 Na6 14. Rad1 Rc8 15. b3 Bg4 16. Be2 Nc5 17. Be3 Nfe4 18. Nxe4 Nxe4 19. Qc2 Nc3 20. Rc1 Nxd5 21. Qe4 Nxe3 22. fxe3 Qd7 23. Nd4 Bxe2 24. Rxe2 d5 25. Qh4 dxc4 26. bxc4 Qa4 27. Rec2 Bf6 28. Qe4 b6 29. h3 a6 30. Qd3 e5 31. Ne2 Red8 32. Qc3 Rc6 33. e4 Rdc8 34. Qb3 Qa5 35. Rc3 Bg5 36. R1c2 Rd8 37. Kh2 Rd1 38. Rd3 Rf1 39. Rcc3 Qc5 40. Rf3 Bf4+ 41. Nxf4 Qg1+ 42. Kg3 exf4+ 43. Rxf4 Rxf4 44. Kxf4 Qxg2 45. e5 Qf1+ 46. Ke4 Qf5+ 47. Kd4 Qf4+ 48. Kd3 Qxe5 49. Kc2 Kg7 50. Re3 Qd4 51. Rd3 Qxc4+ 52. Kd2 Qc1+ 53. Ke2 Re6+ 54. Kf3 Qf1+ 55. Kg3 Qg1+ 56. Kf3 Rf6+ 57. Ke4 Qe1+ 58. Re3 Re6+ 59. Kd4 Qxe3+ 60. Qxe3 Rxe3 0-1

[Event "17th Memorial Lezcano Montalvo 2025"]
[Site "Gran Canaria"]
[Date "2025.04.14"]
[Round "3.30"]
[White "Halldorsson, Halldor"]
[Black "Sanchez Ramirez, Gustavo"]
[Result "1-0"]
[Annotator "NA RC"]
[ECO "B01"]
[WhiteElo "2103"]
[BlackElo "1780"]
[PlyCount "30"]
[EventDate "2025.04.13"]
[EventType "swiss"]
[EventCountry "ESP"]
[SourceTitle "playchess.com"]
[Source "ChessBase"]
[SourceQuality "1"]
[TimeControl "5400+30"]

1. e4 d5 2. exd5 Qxd5 3. Nc3 Qa5 4. d4 e6 5. Nf3 Nf6 6. Bd2 c6 7. Bd3 Bb4 8. a3 Bxc3 9. Bxc3 Qc7 10. Ne5 h5 11. f4 Nbd7 12. Qf3 Nb6 13. Ba5 Qd6 14. O-O-O Qxd4 15. Bg6 Qa4 1-0

[Event "17th Memorial Lezcano Montalvo 2025"]
[Site "Gran Canaria"]
[Date "2025.04.14"]
[Round "3.31"]
[White "Hu, Jiani"]
[Black "Rossello Padron, Carlos"]
[Result "1-0"]
[Annotator "NA RC"]
[ECO "B03"]
[WhiteElo "2091"]
[BlackElo "1776"]
[PlyCount "40"]
[EventDate "2025.04.13"]
[EventType "swiss"]
[EventCountry "ESP"]
[SourceTitle "playchess.com"]
[Source "ChessBase"]
[SourceQuality "1"]
[TimeControl "5400+30"]

1. e4 Nf6 2. e5 Nd5 3. c4 Nb6 4. d4 d6 5. f4 dxe5 6. fxe5 Bf5 7. Nf3 e6 8. Nc3 Bb4 9. Be2 c5 10. Bg5 Qd7 11. Qb3 Nc6 12. dxc5 Bxc5 13. Rd1 Na5 14. Rxd7 Nxb3 15. Rc7 Na1 16. Rxc5 Nc2+ 17. Kf2 h6 18. Be3 Rd8 19. Rc7 Nxe3 20. Kxe3 Ra8 1-0

[Event "17th Memorial Lezcano Montalvo 2025"]
[Site "Gran Canaria"]
[Date "2025.04.14"]
[Round "3.32"]
[White "Cappelle, Cedric"]
[Black "Cruz Ramirez, Nauzet"]
[Result "0-1"]
[Annotator "NA RC"]
[ECO "E20"]
[WhiteElo "1774"]
[BlackElo "2076"]
[PlyCount "92"]
[EventDate "2025.04.13"]
[EventType "swiss"]
[EventCountry "ESP"]
[SourceTitle "playchess.com"]
[Source "ChessBase"]
[SourceQuality "1"]
[TimeControl "5400+30"]

1. d4 Nf6 2. c4 e6 3. g3 d5 4. Bg2 Bb4+ 5. Nc3 O-O 6. Nf3 Ne4 7. Qc2 f5 8. O-O c6 9. Ne5 Nd7 10. Nxe4 dxe4 11. h4 Bd6 12. Bf4 Qc7 13. Qc3 c5 14. Nxd7 Bxd7 15. Bxd6 Qxd6 16. Rfd1 Rad8 17. Rd2 Bc6 18. Rad1 cxd4 19. Rxd4 Qc7 20. b4 a6 21. Qd2 Rxd4 22. Qxd4 f4 23. Qd6 Qxd6 24. Rxd6 Rf6 25. gxf4 Rxf4 26. h5 Kf7 27. h6 g5 28. f3 Ke7 29. Rd4 e5 30. Rd2 exf3 31. Bxf3 e4 32. Bg2 e3 33. Rd3 Rg4 34. Rxe3+ Kf7 35. b5 axb5 36. cxb5 Bxg2 37. a4 Bd5+ 38. Kf2 Re4 39. Rd3 Ke6 40. Rg3 Rf4+ 41. Ke1 g4 42. Rc3 Rxa4 43. Rc7 g3 44. Rxh7 g2 45. Rg7 Ra1+ 46. Kf2 Rf1+ 0-1

[Event "17th Memorial Lezcano Montalvo 2025"]
[Site "Gran Canaria"]
[Date "2025.04.14"]
[Round "3.33"]
[White "Sukhodolskyi, Oleksii"]
[Black "Guerra Aleman, Marcial"]
[Result "1-0"]
[Annotator "NA RC"]
[ECO "D02"]
[WhiteElo "2070"]
[BlackElo "1766"]
[PlyCount "47"]
[EventDate "2025.04.13"]
[EventType "swiss"]
[EventCountry "ESP"]
[SourceTitle "playchess.com"]
[Source "ChessBase"]
[SourceQuality "1"]
[TimeControl "5400+30"]

1. d4 d5 2. Bf4 c5 3. e3 Nc6 4. Nf3 Nf6 5. Nbd2 Bf5 6. dxc5 e6 7. Nd4 Bxc5 8. Nxf5 exf5 9. Nb3 Bb6 10. Bd3 g6 11. c3 O-O 12. O-O Nh5 13. Bh6 Re8 14. Bxf5 Qf6 15. Bg4 Re5 16. Bxh5 g5 17. Bxg5 Rxg5 18. Nd4 Qh6 19. Be2 Qh3 20. Bf3 Nxd4 21. exd4 Bc7 22. g3 Re8 23. Bg2 Qd7 24. Re1 1-0

[Event "17th Memorial Lezcano Montalvo 2025"]
[Site "Gran Canaria"]
[Date "2025.04.14"]
[Round "3.34"]
[White "Julien Casteleiro, Ariel"]
[Black "Sosa Suarez, Carla Cristina"]
[Result "0-1"]
[Annotator "NA RC"]
[ECO "B07"]
[WhiteElo "1761"]
[BlackElo "2056"]
[PlyCount "58"]
[EventDate "2025.04.13"]
[EventType "swiss"]
[EventCountry "ESP"]
[SourceTitle "playchess.com"]
[Source "ChessBase"]
[SourceQuality "1"]
[TimeControl "5400+30"]

1. d4 d6 2. e4 Nf6 3. Nc3 e5 4. dxe5 dxe5 5. Qxd8+ Kxd8 6. Bg5 Be6 7. Nf3 Nbd7 8. O-O-O Kc8 9. a3 c6 10. h3 h6 11. Bh4 Kc7 12. g4 g5 13. Bg3 Bd6 14. Be2 Ne8 15. Nd2 b5 16. h4 Rg8 17. hxg5 hxg5 18. Rh5 Nef6 19. Rh6 a5 20. f3 b4 21. Na4 bxa3 22. bxa3 Bxa3+ 23. Kb1 Rab8+ 24. Ka1 Rb4 25. Nc5 Bb2+ 26. Kb1 Nxc5 27. Rxf6 Bc3+ 28. Kc1 Rgb8 29. Bf2 Bb2+ 0-1

[Event "17th Memorial Lezcano Montalvo 2025"]
[Site "Gran Canaria"]
[Date "2025.04.14"]
[Round "3.35"]
[White "Camino Carrio, Nicanor"]
[Black "Creo Abeijon, Diego"]
[Result "1-0"]
[Annotator "NA RC"]
[ECO "B01"]
[WhiteElo "2045"]
[BlackElo "1729"]
[PlyCount "63"]
[EventDate "2025.04.13"]
[EventType "swiss"]
[EventCountry "ESP"]
[SourceTitle "playchess.com"]
[Source "ChessBase"]
[SourceQuality "1"]
[TimeControl "5400+30"]

1. e4 d5 2. exd5 Nf6 3. d4 Bg4 4. Be2 Bxe2 5. Qxe2 Qxd5 6. Nf3 Nc6 7. c4 Qf5 8. O-O O-O-O 9. Be3 e5 10. d5 Nb4 11. Nc3 a6 12. a3 Nd3 13. Rfd1 Nf4 14. Bxf4 exf4 15. b4 g5 16. Nd4 Qg6 17. b5 axb5 18. Ncxb5 Bc5 19. Qb2 g4 20. Rab1 b6 21. Nb3 Ne4 22. Nxc5 Nxc5 23. d6 g3 24. hxg3 fxg3 25. dxc7 Rxd1+ 26. Rxd1 gxf2+ 27. Qxf2 Qg4 28. Rd4 Qe6 29. Qd2 Qe7 30. Qf4 Ne6 31. Qe4 Nxd4 32. Qxe7 1-0

[Event "17th Memorial Lezcano Montalvo 2025"]
[Site "Gran Canaria"]
[Date "2025.04.14"]
[Round "3.36"]
[White "Matos Espino, Carlos Silverio"]
[Black "Fernandez Lozano, Francesc"]
[Result "0-1"]
[Annotator "NA RC"]
[ECO "B77"]
[WhiteElo "1731"]
[BlackElo "2042"]
[PlyCount "36"]
[EventDate "2025.04.13"]
[EventType "swiss"]
[EventCountry "ESP"]
[SourceTitle "playchess.com"]
[Source "ChessBase"]
[SourceQuality "1"]
[TimeControl "5400+30"]

1. e4 c5 2. Nf3 g6 3. d4 cxd4 4. Nxd4 Bg7 5. Bc4 d6 6. Nc3 Nc6 7. Be3 Nf6 8. f3 O-O 9. Qd2 Nxd4 10. Bxd4 Qa5 11. O-O-O Be6 12. Bb3 b5 13. Kb1 b4 14. Na4 Bd7 15. Nc5 dxc5 16. Bxf6 Bxf6 17. Qxd7 c4 18. Bxc4 Qe5 0-1

[Event "17th Memorial Lezcano Montalvo 2025"]
[Site "Gran Canaria"]
[Date "2025.04.14"]
[Round "3.37"]
[White "Vega Garcia, Jesus Manuel"]
[Black "Rodriguez Melian, Jose Luis"]
[Result "0-1"]
[Annotator "NA RC"]
[ECO "D77"]
[WhiteElo "1725"]
[BlackElo "2029"]
[PlyCount "32"]
[EventDate "2025.04.13"]
[EventType "swiss"]
[EventCountry "ESP"]
[SourceTitle "playchess.com"]
[Source "ChessBase"]
[SourceQuality "1"]
[TimeControl "5400+30"]

1. d4 Nf6 2. Nf3 g6 3. g3 d5 4. Bg2 Bg7 5. O-O O-O 6. c4 dxc4 7. Na3 c3 8. bxc3 c5 9. Re1 Nc6 10. Nc4 Bf5 11. Ba3 Ne4 12. Bb2 Na5 13. Nfe5 Nd6 14. Nxa5 Qxa5 15. Bd5 cxd4 16. cxd4 Qxd5 0-1

[Event "17th Memorial Lezcano Montalvo 2025"]
[Site "Gran Canaria"]
[Date "2025.04.14"]
[Round "3.38"]
[White "Martinez Correa, Rafael"]
[Black "Torres Rebolledo, Marcos"]
[Result "1/2-1/2"]
[Annotator "NA RC"]
[ECO "B10"]
[WhiteElo "1719"]
[BlackElo "2010"]
[PlyCount "79"]
[EventDate "2025.04.13"]
[EventType "swiss"]
[EventCountry "ESP"]
[SourceTitle "playchess.com"]
[Source "ChessBase"]
[SourceQuality "1"]
[TimeControl "5400+30"]

1. e4 c6 2. Nf3 d5 3. exd5 cxd5 4. Ne5 a6 5. d4 Nc6 6. c3 Nxe5 7. dxe5 Bf5 8. Bd3 Bxd3 9. Qxd3 e6 10. O-O Qc7 11. Re1 Ne7 12. Nd2 Nf5 13. Nf3 Bc5 14. Nd4 Bxd4 15. cxd4 Qb6 16. Be3 h5 17. b3 Kd7 18. Rac1 Rac8 19. Kf1 Qa5 20. Qe2 g6 21. Qb2 Qb5+ 22. Qe2 Qb4 23. Qb2 h4 24. h3 Rhg8 25. a3 Qb5+ 26. Kg1 Qd3 27. a4 g5 28. Qa3 a5 29. Rxc8 Rxc8 30. Rc1 Rxc1+ 31. Qxc1 Qxb3 32. Qc5 Qb4 33. Qa7 Nxe3 34. fxe3 Ke7 35. Qb8 b6 36. Qc7+ Ke8 37. Qc8+ Ke7 38. Qc7+ Ke8 39. Qc8+ Ke7 40. Qc7+ 1/2-1/2

[Event "17th Memorial Lezcano Montalvo 2025"]
[Site "Gran Canaria"]
[Date "2025.04.14"]
[Round "3.39"]
[White "Bolivar Castro, Alejandro"]
[Black "Arlet, Benjamin Andres"]
[Result "1-0"]
[Annotator "NA RC"]
[ECO "A80"]
[WhiteElo "2006"]
[BlackElo "1721"]
[PlyCount "61"]
[EventDate "2025.04.13"]
[EventType "swiss"]
[EventCountry "ESP"]
[SourceTitle "playchess.com"]
[Source "ChessBase"]
[SourceQuality "1"]
[TimeControl "5400+30"]

1. d4 f5 2. Bg5 Nf6 3. Nc3 g6 4. h4 Ne4 5. Nxe4 fxe4 6. h5 Bg7 7. e3 h6 8. hxg6 hxg5 9. Rxh8+ Bxh8 10. Qh5 Bg7 11. Qh7 Kf8 12. f3 d6 13. Bc4 d5 14. fxe4 dxc4 15. O-O-O Bf5 16. Rf1 e6 17. g4 Nd7 18. gxf5 exf5 19. Rxf5+ Nf6 20. e5 Qe7 21. Rf3 Ke8 22. exf6 Bxf6 23. Qg8+ Kd7 24. Qxa8 g4 25. Rf1 Qxe3+ 26. Kb1 Qxd4 27. Qxb7 g3 28. Nf3 g2 29. Rg1 Qf2 30. Rd1+ Ke6 31. Qe4+ 1-0

[Event "17th Memorial Lezcano Montalvo 2025"]
[Site "Gran Canaria"]
[Date "2025.04.14"]
[Round "3.40"]
[White "Fernandez Hernandez, Javier"]
[Black "Schmitz, Andreas Arnold"]
[Result "1-0"]
[Annotator "NA RC"]
[ECO "A22"]
[WhiteElo "1689"]
[BlackElo "1967"]
[PlyCount "81"]
[EventDate "2025.04.13"]
[EventType "swiss"]
[EventCountry "ESP"]
[SourceTitle "playchess.com"]
[Source "ChessBase"]
[SourceQuality "1"]
[TimeControl "5400+30"]

1. c4 e5 2. Nc3 Nf6 3. b3 Bc5 4. e3 Nc6 5. a3 a5 6. Bb2 O-O 7. h4 d5 8. cxd5 Nxd5 9. Bc4 Nf6 10. Nf3 Bg4 11. Qc2 Qe7 12. Ng5 Bh5 13. Nd5 Bg6 14. Nxe7+ Bxe7 15. Bd3 Bxd3 16. Qxd3 h6 17. Ne4 Nxe4 18. Qxe4 f5 19. Qc4+ Kh7 20. Qc2 h5 21. Ke2 g6 22. Bc3 e4 23. Rag1 Bxa3 24. g4 hxg4 25. h5 g5 26. Rxg4 Kh6 27. Rxe4 fxe4 28. Qxe4 Rg8 29. Qe6+ Kh7 30. Qf7+ Kh6 31. Bf6 Bd6 32. Bxg5+ Rxg5 33. Qf6+ Kh7 34. Qxg5 Rg8 35. Qf5+ Kh8 36. Qf6+ Kh7 37. d4 Be7 38. Qf7+ Rg7 39. Qf5+ Kh6 40. Qe6+ Kh7 41. h6 1-0

[Event "17th Memorial Lezcano Montalvo 2025"]
[Site "Gran Canaria"]
[Date "2025.04.14"]
[Round "3.41"]
[White "Gonzalez Martinez, Miguel Angel"]
[Black "Peraza Concepcion, Airam"]
[Result "1-0"]
[Annotator "NA RC"]
[ECO "C43"]
[WhiteElo "2134"]
[BlackElo "1712"]
[PlyCount "75"]
[EventDate "2025.04.13"]
[EventType "swiss"]
[EventCountry "ESP"]
[SourceTitle "playchess.com"]
[Source "ChessBase"]
[SourceQuality "1"]
[TimeControl "5400+30"]

1. e4 e5 2. Nf3 Nf6 3. d4 Nxe4 4. Bd3 d5 5. Nxe5 Nf6 6. O-O Be7 7. Nd2 O-O 8. Re1 Nbd7 9. Ndf3 h6 10. Qe2 Re8 11. Nxf7 Kxf7 12. Qe6+ Kf8 13. Bg6 Ne5 14. Qxe5 Bd6 15. Qxf6+ gxf6 16. Bxh6+ Kg8 17. Rxe8+ Qxe8 18. Bxe8 Kh7 19. Bd2 c6 20. Bh5 Bf5 21. Re1 Kg7 22. Re8 Rxe8 23. Bxe8 Bxc2 24. Bd7 Bd3 25. Bc8 Ba6 26. g4 c5 27. Be6 cxd4 28. Nxd4 Be5 29. Bc3 Kf8 30. Bxd5 Ke8 31. h4 b5 32. Bc6+ Kf7 33. Bxb5 Bc8 34. Bc4+ Ke8 35. g5 fxg5 36. hxg5 Kf8 37. Ne2 Bc7 38. g6 1-0

[Event "17th Memorial Lezcano Montalvo 2025"]
[Site "Gran Canaria"]
[Date "2025.04.14"]
[Round "3.42"]
[White "Fernandez De La Hoz A., Carlos"]
[Black "Perez Rosales, Pedro"]
[Result "0-1"]
[Annotator "NA RC"]
[ECO "B07"]
[WhiteElo "1687"]
[BlackElo "1942"]
[PlyCount "89"]
[EventDate "2025.04.13"]
[EventType "swiss"]
[EventCountry "ESP"]
[SourceTitle "playchess.com"]
[Source "ChessBase"]
[SourceQuality "1"]
[TimeControl "5400+30"]

1. d4 d6 2. e4 Nf6 3. Bc4 d5 4. exd5 Nxd5 5. Ne2 Be6 6. c3 c6 7. Nd2 g6 8. Bd3 Bg7 9. Ne4 O-O 10. Nc5 Bc8 11. Bd2 Nd7 12. Ne4 h6 13. Qc1 Kh7 14. h4 f5 15. h5 fxe4 16. hxg6+ Kxg6 17. Bxe4+ Kf7 18. Bxh6 Rh8 19. Bg6+ Kg8 20. Ng3 Nf8 21. Bd3 e5 22. Qd2 Qf6 23. Bg5 Rxh1+ 24. Nxh1 Qf7 25. O-O-O exd4 26. c4 Nf6 27. Ng3 Nh5 28. Ne4 Ne6 29. Kb1 Nhf4 30. Nf6+ Bxf6 31. Bxf4 Nxf4 32. Qxf4 Bg7 33. Qe4 Be6 34. Qh7+ Kf8 35. Bg6 Qf6 36. Bd3 Bf7 37. Qh2 Re8 38. Qc7 Bg6 39. Qg3 Be4 40. Kc2 Qf5 41. Kb3 b5 42. Qd6+ Kg8 43. Re1 Be5 44. Bxe4 Bxd6 45. Bd3 0-1

[Event "17th Memorial Lezcano Montalvo 2025"]
[Site "Gran Canaria"]
[Date "2025.04.14"]
[Round "3.43"]
[White "Blanco Barros, Juan Carlos"]
[Black "Castellanos Gomez, Pascual"]
[Result "1-0"]
[Annotator "NA RC"]
[ECO "B07"]
[WhiteElo "1941"]
[BlackElo "1672"]
[PlyCount "95"]
[EventDate "2025.04.13"]
[EventType "swiss"]
[EventCountry "ESP"]
[SourceTitle "playchess.com"]
[Source "ChessBase"]
[SourceQuality "1"]
[TimeControl "5400+30"]

1. e4 d6 2. d4 Nf6 3. Nc3 Nbd7 4. f4 e5 5. dxe5 dxe5 6. fxe5 Nxe5 7. Qxd8+ Kxd8 8. Bg5 Be7 9. O-O-O+ Bd7 10. Nf3 Nxf3 11. gxf3 Ke8 12. e5 Nd5 13. Nxd5 Bxg5+ 14. f4 Bd8 15. Ne3 c6 16. Bd3 b5 17. Kb1 g6 18. Rhe1 Bb6 19. Be4 Ke7 20. Rd6 Rad8 21. f5 gxf5 22. Bxc6 Bxc6 23. Nxf5+ Kf8 24. Rxc6 Rg8 25. Rf1 Rg1 26. Rxg1 Bxg1 27. a4 Bxh2 28. axb5 Bxe5 29. Rh6 Rd1+ 30. Ka2 Rf1 31. Rh5 f6 32. Ne3 Rf3 33. Nc4 Rf2 34. Kb3 Rf3+ 35. c3 Bd4 36. Rxh7 Bf2 37. Nd6 Bc5 38. Nc8 Re3 39. Nxa7 Re7 40. Rxe7 Kxe7 41. Nc6+ Kd6 42. Kc4 f5 43. b4 Bb6 44. Kd3 f4 45. c4 f3 46. c5+ Bxc5 47. bxc5+ Kxc5 48. Nd4 1-0

[Event "17th Memorial Lezcano Montalvo 2025"]
[Site "Gran Canaria"]
[Date "2025.04.14"]
[Round "3.44"]
[White "Valido Ramos, Adrian"]
[Black "de Leon Navarro, Claudio"]
[Result "0-1"]
[Annotator "NA RC"]
[ECO "C07"]
[WhiteElo "1667"]
[BlackElo "1918"]
[PlyCount "132"]
[EventDate "2025.04.13"]
[EventType "swiss"]
[EventCountry "ESP"]
[SourceTitle "playchess.com"]
[Source "ChessBase"]
[SourceQuality "1"]
[TimeControl "5400+30"]

1. e4 e6 2. d4 d5 3. Nd2 c5 4. c3 cxd4 5. cxd4 dxe4 6. Nxe4 Nf6 7. Nxf6+ Qxf6 8. Nf3 Bb4+ 9. Bd2 Bxd2+ 10. Qxd2 Bd7 11. Be2 O-O 12. O-O Bc6 13. Rfd1 Bd5 14. a3 Rd8 15. Qe3 Nc6 16. Ne5 Rac8 17. Rac1 h6 18. f4 Rd6 19. Bh5 g6 20. Qg3 Kh7 21. Be2 Nxd4 22. Bd3 Rxc1 23. Rxc1 Bc6 24. Rd1 Be4 25. Qf2 Nc6 26. Nxc6 bxc6 27. Be2 Rxd1+ 28. Bxd1 Qd8 29. Ba4 Qb6 30. Qxb6 axb6 31. Kf2 Kg7 32. g3 Kf6 33. Bb3 Bd5 34. Bc2 e5 35. h4 c5 36. b4 cxb4 37. axb4 g5 38. hxg5+ hxg5 39. fxg5+ Kxg5 40. Ke3 f5 41. Bd1 Bg2 42. Kf2 Bc6 43. Ke3 Kf6 44. Bb3 Ke7 45. Ba2 Kd6 46. Bb3 Bd5 47. Bc2 Be6 48. Bd3 Kd5 49. Be2 Bd7 50. Bd3 Kd6 51. Be2 Bc6 52. Bd3 Ke6 53. Bc4+ Bd5 54. Bd3 Kf6 55. Be2 Bc6 56. Bd3 Kg5 57. Be2 f4+ 58. gxf4+ exf4+ 59. Kf2 Kf5 60. Bd1 Ke5 61. Be2 Kd4 62. Ke1 Ke3 63. Bc4 Bg2 64. Bb5 f3 65. Bc4 f2+ 66. Kd1 Bf3+ 0-1